3AAA
ALASKAN HUMPBACKS @ HOUSTON BC
09/17/2034
 
TOP OF THE 1ST
Alaskan Humpbacks batting - Pitching for Houston BC : RHP Francisco Guillén
Pitching: RHP Francisco Guillén
Batting: LHB Dallas Ihde 0-0: Ball
1-0: Ball
2-0: Called Strike
2-1: SINGLE (Line Drive, 4M)
Batting: LHB Gabriel Amezquita 0-0: Ball
1-0: Ball
2-0: Ball
3-0: Called Strike
3-1: Foul Ball, location: 2F
3-2: Ground out 4-3 (Groundball, 34)
Dallas Ihde to second
Batting: RHB Sigi Lang 0-0: Foul Ball, location: 2F
0-1: Ball
1-1: Called Strike
1-2: Foul Ball, location: 2F
1-2: Ball
2-2: Strikes out swinging
Batting: RHB Jimbob Ghostkeeper 0-0: Ball
1-0: Ball
2-0: Ball
3-0: Called Strike
3-1: Base on Balls
Batting: RHB Erik Sterk 0-0: Ball
1-0: Foul Ball, location: 2F
1-1: Fly out, F7 (Line Drive, 7)
Top of the 1st over - 0 runs, 1 hit, 0 errors, 2 left on base; Alaskan 0 - Houston 0
BOTTOM OF THE 1ST
Houston BC batting - Pitching for Alaskan Humpbacks : RHP Ratko Davidovic
Pitching: RHP Ratko Davidovic
Batting: RHB Jud Regan 0-0: Ball
1-0: Foul Ball, location: 2F
1-1: Ball
2-1: Ball
3-1: Foul Ball, location: 2F
3-2: Strikes out swinging
Batting: RHB Robby Arnold 0-0: Called Strike
0-1: Ball
1-1: Foul Ball, location: 2F
1-2: Foul Ball, location: 2F
1-2: Ball
2-2: Fly out, F8 (Flyball, 8LD)
Batting: RHB Ryoma Yamamoto 0-0: DOUBLE (Flyball, 78D)
Batting: LHB Rich Watkins 0-0: Swinging Strike
0-1: Ball
1-1: Ball
2-1: Foul Ball, location: 2F
2-2: Foul Ball, location: 2F
2-2: Ball
3-2: Base on Balls
Batting: RHB António López 0-0: Called Strike
0-1: Ball
1-1: Called Strike
1-2: Ball
2-2: Ball
3-2: Fly out, F7 (Flyball, 78M)
Bottom of the 1st over - 0 runs, 1 hit, 0 errors, 2 left on base; Alaskan 0 - Houston 0
TOP OF THE 2ND
Alaskan Humpbacks batting - Pitching for Houston BC : RHP Francisco Guillén
Batting: RHB Wally Briggs 0-0: Ball
1-0: Called Strike
1-1: Swinging Strike
1-2: Reaches on Catchers interference
Batting: RHB Jon Moon 0-0: Ball
1-0: Ball
2-0: Ball
3-0: Called Strike
3-1: Called Strike
3-2: Foul Ball, location: 2F
3-2: Foul Ball, location: 2F
3-2: Ground out 6-3 (Groundball, 56)
Wally Briggs to second
Batting: LHB Felipe Soto 0-0: Ball
1-0: Ball
2-0: Swinging Strike
2-1: Called Strike
2-2: Ball
3-2: DOUBLE (Line Drive, 7LS)
Wally Briggs scores
Batting: RHB Chris Walters 0-0: Called Strike
0-1: Foul Ball, location: 2F
0-2: Strikes out swinging
Batting: LHB Dallas Ihde 0-0: Ball
1-0: Called Strike
1-1: Called Strike
1-2: Ball
2-2: Ball
3-2: SINGLE (Line Drive, 6M)
Felipe Soto to third
Felipe Soto scores
Batting: LHB Gabriel Amezquita 0-0: Ball
Dallas Ihde steals 2nd base
1-0: Ground out 4-3 (Groundball, 4)
Top of the 2nd over - 2 runs, 2 hits, 1 error, 1 left on base; Alaskan 2 - Houston 0
BOTTOM OF THE 2ND
Houston BC batting - Pitching for Alaskan Humpbacks : RHP Ratko Davidovic
Batting: RHB Alfredo Mojica 0-0: Ground out 4-3 (Groundball, 4)
Batting: LHB Tony Vega 0-0: Ball
1-0: Called Strike
1-1: Foul Ball, location: 2F
1-2: Strikes out swinging
Batting: RHB Alba Hidalgo de Jesus 0-0: Ball
1-0: Ball
2-0: Ball
3-0: Called Strike
3-1: Ground out 6-3 (Groundball, 6)
Bottom of the 2nd over - 0 runs, 0 hits, 0 errors, 0 left on base; Alaskan 2 - Houston 0
TOP OF THE 3RD
Alaskan Humpbacks batting - Pitching for Houston BC : RHP Francisco Guillén
Batting: RHB Sigi Lang 0-0: Ball
1-0: Called Strike
1-1: Ground out 6-3 (Groundball, 6)
Batting: RHB Jimbob Ghostkeeper 0-0: Foul Ball, location: 2F
0-1: Foul Ball, location: 2F
0-2: Ground out 5-3 (Groundball, 25)
Batting: RHB Erik Sterk 0-0: Swinging Strike
0-1: SINGLE (Flyball, 7S)
Batting: RHB Wally Briggs 0-0: Called Strike
0-1: Ball
1-1: Called Strike
1-2: Fielders Choice at 2nd, 6-4 (Groundball, 6)
Top of the 3rd over - 0 runs, 1 hit, 0 errors, 1 left on base; Alaskan 2 - Houston 0
BOTTOM OF THE 3RD
Houston BC batting - Pitching for Alaskan Humpbacks : RHP Ratko Davidovic
Batting: RHB Ken Gardner 0-0: Called Strike
0-1: Foul Ball, location: 2F
0-2: Ball
1-2: DOUBLE (Flyball, 78D)
Batting: RHB Jud Regan 0-0: Ball
1-0: Foul Ball, location: 2F
1-1: Foul Ball, location: 2F
1-2: Fly out, F5 (Flyball, 56D)
Batting: RHB Robby Arnold 0-0: Ball
1-0: Ball
2-0: Ball
3-0: Called Strike
3-1: Called Strike
3-2: Foul Ball, location: 2F
3-2: Fly out, F9 (Flyball, 89M)
Batting: RHB Ryoma Yamamoto 0-0: Called Strike
0-1: Foul Ball, location: 2F
0-2: Ground out 4-3 (Groundball, 4)
Bottom of the 3rd over - 0 runs, 1 hit, 0 errors, 1 left on base; Alaskan 2 - Houston 0
TOP OF THE 4TH
Alaskan Humpbacks batting - Pitching for Houston BC : RHP Francisco Guillén
Batting: RHB Jon Moon 0-0: Ball
1-0: Fly out, F8 (Flyball, 8RD)
Batting: LHB Felipe Soto 0-0: Called Strike
0-1: Swinging Strike
0-2: Ball
1-2: Ball
2-2: Foul Ball, location: 2F
2-2: Fly out, F8 (Flyball, 8RM)
Batting: RHB Chris Walters 0-0: Fly out, F6 (Popup, P)
Top of the 4th over - 0 runs, 0 hits, 0 errors, 0 left on base; Alaskan 2 - Houston 0
BOTTOM OF THE 4TH
Houston BC batting - Pitching for Alaskan Humpbacks : RHP Ratko Davidovic
Batting: LHB Rich Watkins 0-0: DOUBLE (Line Drive, 5D)
Batting: RHB António López 0-0: Called Strike
Rich Watkins steals 3rd base
0-1: Ball
1-1: Fly out, F8 (Flyball, 8LS)
Runner from 3rd tags up, SCORES, no throw
Batting: RHB Alfredo Mojica 0-0: Ball
1-0: Ball
2-0: Swinging Strike
2-1: Ball
3-1: Swinging Strike
3-2: Strikes out swinging
Batting: LHB Tony Vega 0-0: Swinging Strike
0-1: Foul Ball, location: 2F
0-2: Foul Ball, location: 2F
0-2: Ball
1-2: Strikes out swinging
Bottom of the 4th over - 1 run, 1 hit, 0 errors, 0 left on base; Alaskan 2 - Houston 1
TOP OF THE 5TH
Alaskan Humpbacks batting - Pitching for Houston BC : RHP Francisco Guillén
Batting: LHB Dallas Ihde 0-0: Called Strike
0-1: Ground out 4-3 (Groundball, 4)
Batting: LHB Gabriel Amezquita 0-0: Ball
1-0: Swinging Strike
1-1: Ball
2-1: Ball
3-1: SINGLE (Flyball, 89S)
Batting: RHB Sigi Lang 0-0: Ball
1-0: Foul Ball, location: 2F
1-1: Swinging Strike
1-2: Ground out 5-3 (Groundball, 5S)
Gabriel Amezquita to second
Batting: RHB Jimbob Ghostkeeper 0-0: Ball
1-0: Foul Ball, location: 2F
1-1: Foul Ball, location: 2F
1-2: Ball
2-2: DOUBLE (Groundball, 5L)
Gabriel Amezquita scores
Batting: RHB Erik Sterk 0-0: Called Strike
0-1: Called Strike
0-2: Fly out, F7 (Line Drive, 7)
Top of the 5th over - 1 run, 2 hits, 0 errors, 1 left on base; Alaskan 3 - Houston 1
BOTTOM OF THE 5TH
Houston BC batting - Pitching for Alaskan Humpbacks : RHP Ratko Davidovic
Batting: RHB Alba Hidalgo de Jesus 0-0: Swinging Strike
0-1: Ball
1-1: Ground out U3 (Groundball, 34S)
Batting: RHB Ken Gardner 0-0: Called Strike
0-1: Ground out 6-3 (Groundball, 6)
Batting: RHB Jud Regan 0-0: Foul Ball, location: 2F
0-1: Fly out, F8 (Flyball, 8RXD)
Bottom of the 5th over - 0 runs, 0 hits, 0 errors, 0 left on base; Alaskan 3 - Houston 1
TOP OF THE 6TH
Alaskan Humpbacks batting - Pitching for Houston BC : RHP Francisco Guillén
Batting: RHB Wally Briggs 0-0: Ball
1-0: Fly out, F7 (Line Drive, 7LM)
Batting: RHB Jon Moon 0-0: Swinging Strike
0-1: Foul Ball, location: 2F
0-2: Foul Ball, location: 2F
0-2: Ball
1-2: Ball
2-2: Foul Ball, location: 2F
2-2: Strikes out swinging
Batting: LHB Felipe Soto 0-0: Swinging Strike
0-1: Foul Ball, location: 2F
0-2: Fly out, F9 (Flyball, 9D)
Top of the 6th over - 0 runs, 0 hits, 0 errors, 0 left on base; Alaskan 3 - Houston 1
BOTTOM OF THE 6TH
Houston BC batting - Pitching for Alaskan Humpbacks : RHP Ratko Davidovic
Batting: RHB Robby Arnold 0-0: Ball
1-0: Ground out 5-3 (Groundball, 56)
Batting: RHB Ryoma Yamamoto 0-0: Foul Ball, location: 2F
0-1: Ball
1-1: Foul Ball, location: 2F
1-2: Foul Ball, location: 2F
1-2: Foul Ball, location: 2F
1-2: Ground out 3-1 (Groundball, 34)
Batting: LHB Rich Watkins 0-0: Ball
1-0: Ball
2-0: Ball
3-0: Ground out U3 (Groundball, 3)
Bottom of the 6th over - 0 runs, 0 hits, 0 errors, 0 left on base; Alaskan 3 - Houston 1
TOP OF THE 7TH
Alaskan Humpbacks batting - Pitching for Houston BC : RHP Francisco Guillén
Batting: RHB Chris Walters 0-0: DOUBLE (Line Drive, 8LXD)
Batting: LHB Dallas Ihde 0-0: Intentional Walk
Pitching: LHP Ramón Negrón
Batting: LHB Gabriel Amezquita 0-0: Called Strike
0-1: Ball
1-1: Ball
2-1: Bunted foul
2-2: Ball
3-2: Foul Ball, location: 2F
3-2: Grounds into double play, 1-6-3 (Groundball, P)
Chris Walters to third
Batting: RHB Sigi Lang 0-0: Fly out, F9 (Flyball, 89XD)
Top of the 7th over - 0 runs, 1 hit, 0 errors, 1 left on base; Alaskan 3 - Houston 1
BOTTOM OF THE 7TH
Houston BC batting - Pitching for Alaskan Humpbacks : RHP Ratko Davidovic
Pitching: RHP Sima Babic
Batting: RHB António López 0-0: Called Strike
0-1: Ball
1-1: Ball
2-1: Fly out, F6 (Popup, 6MS)
Batting: RHB Alfredo Mojica 0-0: Called Strike
0-1: Ball
1-1: Called Strike
1-2: Strikes out swinging
Batting: LHB Tony Vega 0-0: Swinging Strike
0-1: Foul Ball, location: 2F
0-2: Ball
1-2: Fly out, F8 (Flyball, 8LD)
Bottom of the 7th over - 0 runs, 0 hits, 0 errors, 0 left on base; Alaskan 3 - Houston 1
TOP OF THE 8TH
Alaskan Humpbacks batting - Pitching for Houston BC : LHP Ramón Negrón
Batting: RHB Jimbob Ghostkeeper 0-0: Called Strike
0-1: Foul Ball, location: 2F
0-2: Ball
1-2: Ball
2-2: Foul Ball, location: 2F
2-2: Ball
3-2: Foul Ball, location: 2F
3-2: Base on Balls
Batting: RHB Erik Sterk 0-0: Ball
1-0: Fly out, F8 (Flyball, 78D)
Batting: RHB Wally Briggs 0-0: Ball
1-0: Ball
2-0: Fly out, F3 (Popup, 3S)
Batting: RHB Jon Moon 0-0: Ball
1-0: Fly out, F8 (Flyball, 78D)
Top of the 8th over - 0 runs, 0 hits, 0 errors, 1 left on base; Alaskan 3 - Houston 1
BOTTOM OF THE 8TH
Houston BC batting - Pitching for Alaskan Humpbacks : RHP Sima Babic
Batting: RHB Alba Hidalgo de Jesus 0-0: Called Strike
0-1: Foul Ball, location: 2F
0-2: Ground out 5-3 (Groundball, 56)
Batting: RHB Ken Gardner 0-0: Ground out 2-3 (Groundball, 2L)
Batting: RHB Jud Regan 0-0: Called Strike
0-1: Ball
1-1: Ball
2-1: Ball
3-1: Base on Balls
Batting: RHB Robby Arnold 0-0: Ball
1-0: Ball
2-0: Ball
3-0: Base on Balls
Jud Regan to second
Batting: RHB Ryoma Yamamoto 0-0: Called Strike
0-1: Swinging Strike
0-2: Strikes out swinging
Bottom of the 8th over - 0 runs, 0 hits, 0 errors, 2 left on base; Alaskan 3 - Houston 1
TOP OF THE 9TH
Alaskan Humpbacks batting - Pitching for Houston BC : LHP Ramón Negrón
Batting: LHB Felipe Soto 0-0: Foul Ball, location: 2F
0-1: Ball
1-1: Ball
2-1: SINGLE (Flyball, 89S)
Batting: RHB Chris Walters 0-0: Sac Bunt - play at first, batter OUT! 3-4
Felipe Soto to second
Batting: LHB Dallas Ihde 0-0: Intentional Walk
Batting: LHB Gabriel Amezquita 0-0: Ball
1-0: Ball
2-0: Ball
3-0: Base on Balls
Felipe Soto to third
Dallas Ihde to second
Batting: RHB Sigi Lang 0-0: Ball
1-0: Foul Ball, location: 2F
1-1: Ball
2-1: Foul Ball, location: 2F
2-2: SINGLE (Groundball, 6MD)
Felipe Soto scores
Dallas Ihde to third
Gabriel Amezquita to second
Runner from 3rd tries for Home, SAFE, no throw
Pitching: RHP Arnout Els
Batting: RHB Jimbob Ghostkeeper 0-0: Fly out, F3 (Popup, 3S)
Batting: RHB Erik Sterk 0-0: Ball
1-0: Fielders Choice at 2nd, 5-4 (Groundball, 5)
Top of the 9th over - 2 runs, 2 hits, 0 errors, 2 left on base; Alaskan 5 - Houston 1
BOTTOM OF THE 9TH
Houston BC batting - Pitching for Alaskan Humpbacks : RHP Sima Babic
Batting: LHB Rich Watkins 0-0: Foul Ball, location: 2F
0-1: Foul Ball, location: 2F
0-2: Ball
1-2: Ball
2-2: Fly out, F9 (Flyball, 9D)
Batting: RHB António López 0-0: Foul Ball, location: 2F
0-1: Called Strike
0-2: Ball
1-2: Fly out, F7 (Flyball, 7LM)
Batting: RHB Alfredo Mojica 0-0: Foul Ball, location: 2F
0-1: Called Strike
0-2: Ball
1-2: Strikes out looking
Bottom of the 9th over - 0 runs, 0 hits, 0 errors, 0 left on base; Alaskan 5 - Houston 1
Friday, March 29th, 2019 - OOTP Baseball 18.8 Build 76